 Dungeon Crawl Stone Soup version 0.28.0-1-gb440e238dd (webtiles) character file.

Game seed: 1343110481404378839

24 a3don the Bolt Thrower (level 3, -1/22 HPs)
             Began as a Gargoyle Hunter on Feb 21, 2022.
             Slain by an adder (2 damage)
             ... on level 2 of the Dungeon.
             The game lasted 00:01:25 (1312 turns).

a3don the Bolt Thrower (Gargoyle Hunter)            Turns: 1312, Time: 00:01:25

Health: -1/22      AC:  6    Str: 15    XL:     3   Next: 2%
Magic:  3/3        EV: 11    Int: 13    God:
Gold:   82         SH:  0    Dex: 10    Spells: 1/2 levels left

rFire   . . .      SeeInvis .   e - +0 war axe
rCold   . . .      Faith    .   (no shield)
rNeg    + . .      Spirit   .   c - +0 leather armour
rPois   ∞          Reflect  .   (no helmet)
rElec   +          Harm     .   (no cloak)
rCorr   .          Rampage  .   (no gloves)
Will    .....                   (no boots)
Stlth   +.........              (no amulet)
HPRegen 0.07/turn               (no ring)
MPRegen 0.08/turn               (no ring)

@: no status effects
A: sickness immunity, AC +3, negative energy resistance 1, electricity
resistance, torment resistance 1, petrification resistance
a: no special abilities


You were on level 2 of the Dungeon.
You visited 1 branch of the dungeon, and saw 2 of its levels.

You collected 82 gold pieces.

Inventory:

Hand Weapons
 a - a +1 hand crossbow
 b - a +0 short sword
 e - a +0 war axe (weapon)
Missiles
 d - 20 bolts
Armour
 c - a +0 leather armour (worn)
Scrolls
 f - a scroll of enchant weapon {unknown}
Potions
 g - a potion of flight {unknown}


   Skills:
 + Level 2.5 Fighting
 * Level 0.5 Axes
 + Level 4.1 Crossbows
 + Level 1.8 Dodging
 - Level 1.6 Stealth
 + Level 0.1 Spellcasting
 * Level 0.3 Air Magic


You had one spell level left.
You knew the following spells:

 Your Spells              Type           Power      Damage    Failure   Level
a - Shock                 Conj/Air       0%         1d3       34%         1

Your spell library contained the following spells:

 Spells                   Type           Power      Damage    Failure   Level
 Swiftness                Air            0%         N/A       69%         3
 Airstrike                Air            0%         N/A       97%         4


Dungeon Overview and Level Annotations

Branches:
Dungeon (2/15)

Altars:


Innate Abilities, Weirdness & Mutations

You are immune to sickness and miasma.
Your stone body is resilient. (AC +3)
You are immune to poison.
You resist negative energy. (rN+)
You are resistant to electric shocks. (rElec)
You are resistant to unholy torment.
You are immune to petrification.


Message History

The quokka misses you.
You closely miss the quokka.
The quokka is heavily wounded.
The quokka completely misses you.
You barely miss the quokka.
The quokka is heavily wounded.
The quokka bites you but does no damage.
The quokka bites you.
You closely miss the quokka.
The quokka is heavily wounded.
The quokka closely misses you. The quokka bites you.
* * * LOW HITPOINT WARNING * * *
You barely miss the quokka.
The quokka is heavily wounded.
The quokka closely misses you. The quokka misses you.
You closely miss the quokka.
The quokka is heavily wounded.
The quokka bites you but does no damage.
The quokka bites you.
* * * LOW HITPOINT WARNING * * *
You slash the quokka!
You kill the quokka!
The adder barely misses you.
You have reached level 3!
Your experience leads to an increase in your attributes!
Increase (S)trength, (I)ntelligence, or (D)exterity?
You feel clever. x2
You hit the adder. Your punch misses the adder.
The adder is lightly wounded.
The adder barely misses you. The adder closely misses you.
You barely miss the adder.
The adder is lightly wounded.
The adder bites you.
* * * LOW HITPOINT WARNING * * *
The adder bites you.
* * * LOW HITPOINT WARNING * * *
You closely miss the adder.
The adder is lightly wounded.
The adder bites you but does no damage. The adder bites you.
You die...

.## #.<># ...
#...#
#.#####...######
.##..............#
.................#
#........†.....#
#.###.#)...###.#
#S#....# #
#@#....# #.#....#
#.#....# #.......
####.##..


You could see an adder.

Vanquished Creatures
  A dart slug (D:2)
  3 endoplasms (D:1)
  2 goblins
  2 hobgoblins (D:1)
  3 kobolds (D:1)
  3 quokkas
  A ball python (D:1)
  3 bats
  A frilled lizard (D:1)
  A rat (D:1)
20 creatures vanquished.

Notes
Turn   | Place    | Note
-------+----------+-------------------------------------------
     0 | D:1      | a3don the Gargoyle Hunter began the quest for the Orb.
     0 | D:1      | Reached XP level 1. HP: 12/12 MP: 1/1
    24 | D:1      | Found a faded altar of an unknown god.
   180 | D:1      | Reached XP level 2. HP: 11/18 MP: 2/2
   720 | D:1      | Learned a level 1 spell: Shock
  1310 | D:2      | Reached XP level 3. HP: 4/22 MP: 3/3
  1311 | D:2      | HP: 1/22 [adder (1)]
  1312 | D:2      | Slain by an adder

Illustrated notes

Levels and vault maps discovered:
D:1:      shiori_arrival_oz, layout_basic, basic_ecumenical_altar
D:2:      layout_loops_cross, uniq_terence

Action                   || total
-------------------------++-------
Melee: Short sword       ||    17
       War axe           ||    53
 Fire: Hand crossbow     ||     5
 Stab: Sleeping          ||     1
Armor: Leather armour    ||    38
Dodge: Dodged            ||    60
